 Dungeon Crawl Stone Soup version 0.29-a0-1033-gb6c65ffae6 (webtiles) character file.

Game seed: 3289672577277848846

131 drpainis the Sneak (level 4, -4/21 HPs)
             Began as a Spriggan Enchanter on Aug 15, 2022.
             Slain by Blork the orc
             ... wielding a +0 war axe
              (10 damage)
             ... on level 4 of the Dungeon.
             The game lasted 00:06:04 (4396 turns).

drpainis the Sneak (Spriggan Enchanter)             Turns: 4396, Time: 00:06:05

Health: -4/21      AC:  2    Str:  4    XL:     4   Next: 91%
Magic:  7/10       EV: 22    Int: 16    God:
Gold:   121        SH:  0    Dex: 17    Spells: 2/10 levels left

rFire   . . .      SeeInvis +   s - +2 dagger (protect)
rCold   . . .      Faith    .   (no shield)
rNeg    . . .      Spirit   .   b - +0 robe
rPois   .          Reflect  .   (helmet restricted)
rElec   .          Harm     .   (no cloak)
rCorr   .          Rampage  .   (gloves unavailable)
Will    .....                   (boots unavailable)
Stlth   +++.......              (no amulet)
HPRegen 0.07/turn               d - +4 ring of evasion
MPRegen 0.12/turn               n - ring of flight

@: flying, very quick
A: very small, no large weapons, unfitting armour, see invisible, speed 3
a: no special abilities


You were on level 4 of the Dungeon.
You visited 1 branch of the dungeon, and saw 4 of its levels.

You collected 121 gold pieces.

Inventory:

Hand Weapons
 a - a +1 dagger
 s - a +2 dagger of protection (weapon)
Missiles
 j - 4 poisoned darts (quivered)
Armour
 b - a +0 robe (worn)
 q - an orb of energy
Jewellery
 d - a +4 ring of evasion (left hand)
 n - a ring of flight (right hand)
Wands
 o - a wand of flame (8)
Scrolls
 e - 5 scrolls of identify {unknown}
 f - 2 scrolls of blinking {unknown}
 h - 3 scrolls of enchant weapon {unknown}
 i - a scroll of butterflies {unknown}
 k - a scroll of torment {unknown}
 l - a scroll of teleportation {unknown}
 m - a scroll of vulnerability {unknown}
 r - a scroll of immolation {unknown}
Potions
 c - 3 potions of invisibility
 g - 2 potions of curing {unknown}
 p - a potion of haste {unknown}


   Skills:
 + Level 0.3 Fighting
 + Level 2.0 Short Blades
 + Level 3.3 Dodging
 + Level 6.1 Stealth
 + Level 3.5 Spellcasting
 + Level 4.3 Hexes
 + Level 0.6 Ice Magic


You had 2 spell levels left.
You knew the following spells:

 Your Spells              Type           Power      Damage    Failure   Level
a - Ensorcelled Hibernat  Hex/Ice        20%        N/A       10%         2
b - Confusing Touch       Hex            16%        N/A       9%          3
c - Tukima's Dance        Hex            16%        N/A       9%          3

Your spell library contained the following spells:

 Spells                   Type           Power      Damage    Failure   Level
 Sublimation of Blood     Necr           2%         N/A       26%         2
 Wereblood                Tmut           2%         N/A       26%         2
 Dazzling Flash           Conj/Hex       18%        N/A       22%         3
 Frozen Ramparts          Ice            8%         1d2       38%         3
 Conjure Flame            Conj/Fire      2%         6-21      47%         3
 Ignite Poison            Fire/Tmut/Pois 2%         N/A       47%         3
 Ice Form                 Ice/Tmut       3%         N/A       83%         4
 Summon Ice Beast         Ice/Summ       3%         N/A       83%         4
 Sticky Flame             Conj/Fire      2%         2d3       87%         4
 Summon Hydra             Summ           1%         N/A       100%        7


Dungeon Overview and Level Annotations

Branches:
Dungeon (4/15)
 Temple: D:4-7

Altars:
Uskayaw
Wu Jian

Shops:
D:4 (

Annotations:
D:4 Blork the orc, Eustachio


Innate Abilities, Weirdness & Mutations

You are very small and have problems with some larger weapons.
You are too small for most types of armour.
You have supernaturally acute eyesight. (SInv)
You cover ground extremely quickly. (Speed+++)


Message History

Done waiting.
There is a stone staircase leading down here.
You fly downwards.
Level annotation: Blork the orc, Eustachio Blork the orc casts a spell.
Blork the orc seems to speed up.
There is a stone staircase leading up here.
Casting: Tukima's Dance (quite dangerous; 9% risk of failure)
Confirm with . or Enter, or press ? or * to list all spells.
Aiming: Ensorcelled Hibernation (safe; 10% risk of failure)
Press: ? - help, Shift-Dir - straight line, f - gnoll
Aim: a gnoll, wielding a +0 halberd (chance to affect: 52%)
The gnoll resists with significant effort.
Casting: Ensorcelled Hibernation (safe; 10% risk of failure)
Confirm with . or Enter, or press ? or * to list all spells.
Aiming: Ensorcelled Hibernation (safe; 10% risk of failure)
Press: ? - help, Shift-Dir - straight line, f/p - gnoll
Aim: a gnoll, wielding a +0 halberd (chance to affect: 52%)
The gnoll looks drowsy...
Blork the orc hits you with a +0 war axe!
Ouch! That really hurt!
* * * LOW HITPOINT WARNING * * *
The gnoll shouts!
You hit the gnoll.
Your weapon exudes an aura of protection.
The gnoll is moderately wounded.
You hear a shout!
Blork the orc misses you. The gnoll closely misses you.
Blork the orc closely misses you. The gnoll misses you.
Found a stone staircase leading down.
Casting: Ensorcelled Hibernation (safe; 10% risk of failure)
Confirm with . or Enter, or press ? or * to list all spells.
Okay, then.
Blork the orc looks angry.
Found a scroll labelled HOJUSS IHOT and a sling.
Found a book of Rime.
There is a stone staircase leading down here.
Blork the orc hits you with a +0 war axe!
You die...

# #...##.g#.#.#
#..........<#
#...###.#.#.# #.?.#
#.g...# ##...#
##.#..#### . ...#.#
#.g.....##
...###..#.####...#...#
####
#.:....###.##........#
.<.#
##.@#.###g##∩##..#
##5# #..o.....#..(#.##
.h. #.#.####.#...# #
@..(. ...#.# #.#(.(#
###.... ........
..#(.(#
.......###.#?..
..#..(# ...##
#.#)######888# .#
..#.# ##### ##.#.#


You could see Blork the orc (fast).

Vanquished Creatures
  4 gnolls
  3 adders
  A dart slug (D:2)
  2 orcs (D:3)
  5 endoplasms
  A giant cockroach (D:2)
  8 goblins
  8 hobgoblins
  6 quokkas
  4 ball pythons
  4 bats
  3 frilled lizards
  3 kobolds
  9 rats
61 creatures vanquished.

Notes
Turn   | Place    | Note
-------+----------+-------------------------------------------
     0 | D:1      | drpainis the Spriggan Enchanter began the quest for the
                  | Orb.
     0 | D:1      | Reached XP level 1. HP: 9/9 MP: 5/5
   411 | D:1      | Reached XP level 2. HP: 9/13 MP: 6/6
   500 | D:1      | Learned a level 2 spell: Ensorcelled Hibernation
  1133 | D:1      | Reached skill level 5 in Stealth
  1686 | D:2      | Reached XP level 3. HP: 16/16 MP: 8/8
  2913 | D:2      | Reached XP level 4. HP: 20/21 MP: 2/10
  3065 | D:3      | Found a hide-covered altar of Uskayaw.
  3107 | D:3      | Found an ornate altar of the Wu Jian Council.
  3278 | D:3      | Learned a level 3 spell: Confusing Touch
  3282 | D:3      | Learned a level 3 spell: Tukima's Dance
  3325 | D:3      | Reached skill level 6 in Stealth
  3511 | D:3      | Found a faded altar of an unknown god.
  3905 | D:4      | Found Eraadewi's Firing Range.
  3942 | D:4      | Noticed Blork the orc
  4074 | D:4      | Noticed Eustachio
  4396 | D:4      | Slain by Blork the orc

Illustrated notes

Levels and vault maps discovered:
D:1:      nzn_arrival_crosshair, layout_loops_corners
D:2:      layout_basic
D:3:      layout_rooms, mainiacjoe_overflow_big_doors,
          hellmonk_ecumenical_altar_defaced_shrine
D:4:      layout_loops_ring, temple_statues, nicolae_shop_firing_range,
          uniq_eustachio, uniq_blork_the_orc, uniq_grinder

Skill      XL: |  1  2  3  4 |
---------------+-------------+-----
Dodging        | 3 |  3.3
Hexes          | 4 |  4.3
Stealth        | 5 6 |  6.1
Spellcasting   | 3 |  3.5
Short Blades   | 2 |  2.0
Fighting       | |  0.3
Ice Magic      | |  0.6

Action                   |  1- 3 |  4- 6 || total
-------------------------+-------+-------++-------
Melee: Dagger            |   117 |    47 ||   164
       Punch             |     2 |       ||     2
 Cast: Ensorcelled Hiber |    20 |    16 ||    36
       Tukima's Dance    |       |     2 ||     2
       Confusing Touch   |       |     1 ||     1
 Stab: Sleeping          |    19 |    14 ||    33
Armor: Robe              |     4 |     2 ||     6
Dodge: Dodged            |    79 |    38 ||   117

Table legend: (Time is in decaauts)
 A = Elapsed time spent in this place.
 B = Non-inter-level travel time spent in this place.
 C = Inter-level travel time spent in this place.
 D = Time resting spent in this place.
 E = Time spent auto-exploring this place.
 F = Levels seen in this place.
 G = Mean time per level.
                   A        B        C        D        E       F      G
               +--------+--------+--------+--------+--------+-----+--------+
         Total |   3573 |   3549 |     24 |   1405 |   1507 |   4 |  893.2 |
       Dungeon |   3573 |   3549 |     24 |   1405 |   1507 |   4 |  893.2 |
               +--------+--------+--------+--------+--------+-----+--------+

Top non-repeatable levels by time:
     D:1: 1346 daAuts
     D:3: 1101 daAuts
     D:2: 1054 daAuts
     D:4: 70 daAuts
